 Dungeon Crawl Stone Soup version 0.28.0 (webtiles) character file.

Game seed: 168745981158594398

6384 SnakkuSnakku7 the Severer (level 10, -1/93 HPs)
             Began as a Hill Orc Fighter on Feb 16, 2022.
             Was a Priest of the Shining One.
             Succumbed to a kobold brigand's curare-tipped dart
             ... on level 9 of the Dungeon.
             The game lasted 00:11:23 (8340 turns).

SnakkuSnakku7 the Severer (Hill Orc Fighter)        Turns: 8340, Time: 00:11:23

Health: -1/93      AC: 12    Str: 22    XL:     10   Next: 97%
Magic:  10/10      EV: 10    Int:  8    God:    the Shining One [***...]
Gold:   409        SH:  5    Dex: 12    Spells: 9/9 levels left

rFire   . . .      SeeInvis .   a - +0 war axe
rCold   + . .      Faith    .   c - +0 buckler
rNeg    + . .      Spirit   .   J - +1 steam dragon scales
rPois   .          Reflect  .   m - +0 helmet
rElec   .          Harm     .   K - +0 cloak
rCorr   .          Rampage  .   L - +2 pair of gloves
Will    .....                   (no boots)
Stlth   +.........              (no amulet)
HPRegen 0.25/turn               H - ring of protection from cold
MPRegen 0.12/turn               (no ring)

@: lethally poisoned (-1 -> -13), slowed, glowing, very slow
A: no striking features
a: Renounce Religion, Divine Shield, Cleansing Flame


You were on level 9 of the Dungeon.
You worshipped the Shining One.
The Shining One was most pleased with you.
You visited 2 branches of the dungeon, and saw 10 of its levels.
You also visited: Sewer.

You collected 409 gold pieces.

Inventory:

Hand Weapons
 a - a +0 war axe (weapon)
 b - a +2 hand axe of flaming
Missiles
 u - 20 poisoned darts (quivered)
Armour
 c - a +0 buckler (worn)
 m - a +0 helmet (worn)
 I - a scarf of resistance
 J - +1 steam dragon scales (worn)
 K - a +0 cloak (worn)
 L - a +2 pair of gloves (worn)
 M - a +0 scale mail
 N - a +0 kite shield
Jewellery
 H - a ring of protection from cold (left hand)
Wands
 l - a wand of iceblast (7)
 w - a wand of polymorph (6)
 E - a wand of paralysis (12)
 F - a wand of mindburst (15)
Scrolls
 f - 2 scrolls of blinking {unknown}
 g - 2 scrolls of amnesia {unknown}
 i - 3 scrolls of noise {unknown}
 j - a scroll of torment {unknown}
 o - 2 scrolls of magic mapping {unknown}
 p - a scroll of vulnerability {unknown}
 q - a scroll of brand weapon {unknown}
 r - 2 scrolls of enchant weapon {unknown}
 v - a scroll of holy word {unknown}
 y - 3 scrolls of fear {unknown}
 z - 3 scrolls of immolation {unknown}
 A - 3 scrolls of teleportation {unknown}
 C - 10 scrolls of identify {unknown}
 D - 2 scrolls of fog {unknown}
Potions
 d - 4 potions of might
 e - 2 potions of mutation {unknown}
 h - 4 potions of resistance {unknown}
 k - 3 potions of curing {unknown}
 n - 2 potions of heal wounds
 s - a potion of berserk rage {unknown}
 t - a potion of brilliance {unknown}
 x - 2 potions of magic {unknown}
 B - 3 potions of degeneration {unknown}
 G - 2 potions of invisibility {unknown}
 O - a potion of lignification


   Skills:
 - Level 10.0 Fighting
 - Level 16.0 Axes
 - Level 2.8 Throwing
 - Level 3.2 Armour
 + Level 4.4 Shields
 - Level 5.4 Evocations


You had 9 spell levels left.
You didn't know any spells.
Your spell library contained the following spells:

 Spells                   Type           Power      Damage    Failure   Level
 Shock                    Conj/Air       0%         1d3       50%         1
 Blink                    Tloc           0%         N/A       63%         2
 Lesser Beckoning         Tloc           0%         N/A       86%         3
 Swiftness                Air            0%         N/A       86%         3
 Tukima's Dance           Hex            0%         N/A       86%         3
 Airstrike                Air            0%         N/A       99%         4
 Passage of Golubria      Tloc           0%         N/A       99%         4
 Manifold Assault         Tloc           0%         N/A       100%        5
 Yara's Violent Unravell  Hex/Tmut       0%         3d3       100%        5


Dungeon Overview and Level Annotations

Branches:
Dungeon (9/15)             Temple (1/1) D:4             Orc (0/2) D:9
  Sewer (visited)
   Lair: D:8-11

Altars:
Ashenzari
Cheibriados
Dithmenos
Elyvilon
Fedhas
Hepliaklqana
Kikubaaqudgha
Makhleb
Nemelex Xobeh
Okawaru
Qazlal
Ru
Sif Muna
Trog
Vehumet
Wu Jian
Yredelemnul
Zin
The Shining One

Annotations:
D:9 1 runed translucent door, GilGalad's ghost, novice MiFi


Message History

The orc warrior is severely wounded.
You slash the orc warrior!
You kill the orc warrior!
You block the gnoll sergeant's attack.
Your Shields skill increases to level 4!
You hit the ogre but do no damage. The ogre hits you with a +0 giant club!
You block the gnoll sergeant's attack.
You are too injured to fight recklessly!
An orc warrior comes into view. It is wielding a +0 hand axe.
An orc comes into view. It is wielding a +0 trident.
The orc moves out of view. 3 orcs come into view.
The orc shouts! x2
The orc warrior hits you but does no damage.
You block the orc warrior's attack. The orc misses you.
You block the orc's attack. The orc hits you but does no damage.
The orc hits you but does no damage. You block the orc's attack.
You slice the orc!!
You kill the orc!
The ogre hits you with a +0 giant club!
You see here a +0 flail.
You slash the ogre!
The ogre is heavily wounded.
The ogre hits you with a +0 giant club!
* * * LOW HITPOINT WARNING * * *
You slice the ogre!!
You kill the ogre!
You block the gnoll's attack. You block the gnoll's attack.
The kobold brigand throws a curare-tipped dart.
The curare-tipped dart hits you.
You are lethally poisoned!
You have difficulty breathing.
* * * LOW HITPOINT WARNING * * *
You feel yourself slow down.
* * * LOW HITPOINT WARNING * * *
You feel very sick.
You die...

#oT.....# #g......+ #go.....#
#KoO.#### #.o..# #g...#
##o...# #.....# #..@..#
#.....# ##....### #########
#......# .........# #......#
.........# #......###
.........# #..............#
.........######...........>..#
.............................#


You could see 2 orc warriors, a kobold brigand, an ogre, a gnoll sergeant, 2
gnolls and 2 orcs.

Vanquished Creatures
  A hydra (D:8)
  A tengu warrior (D:7)
  An ugly thing (D:9)
  Maggie (D:6)
  A kobold demonologist (D:9)
  A steam dragon (D:7)
  A vampire mosquito (D:8)
  2 water moccasins
  2 orc warriors
  A sky beast (D:7)
  2 ice beasts (D:7)
  3 black bears
  2 necrophages
  3 ogres
  3 centaurs
  A phantom (D:6)
  Blork the orc (D:6)
  A gnoll sergeant (D:7)
  2 kobold brigands
  4 bullfrogs
  2 wyvern zombies (D:8)
  4 scorpions
  A wyvern skeleton (D:7)
  A water moccasin skeleton (D:6)
  5 killer bees
  A wight (D:8)
  A howler monkey (D:8)
  A bullfrog zombie (D:5)
  2 centaur zombies
  8 jellies
  3 hounds
  5 orc priests
  2 bullfrog skeletons
  Natasha (D:2)
  3 orc wizards
  A hound skeleton (D:4)
  Robin (D:2)
  11 gnolls
  A howler monkey zombie (D:5)
  7 adders
  2 river rats
  A white imp (D:7)
  An ufetubus (D:7)
  2 worms (D:6)
  3 dart slugs
  21 orcs
  10 bats
  12 endoplasms
  11 giant cockroaches
  19 goblins
  5 hobgoblins
  2 jackals (D:2)
  8 quokkas
  10 ball pythons
  7 frilled lizards
  12 kobolds
  8 rats
229 creatures vanquished.

Vanquished Creatures (others)
  A kobold (D:9)
  3 fungi (D:9)
  19 plants (D:9)
23 creatures vanquished.

Grand Total: 252 creatures vanquished

Notes
Turn   | Place    | Note
-------+----------+-------------------------------------------
     0 | D:1      | SnakkuSnakku7 the Hill Orc Fighter began the quest for the
                  | Orb.
     0 | D:1      | Reached XP level 1. HP: 19/19 MP: 1/1
    49 | D:1      | Reached skill level 3 in Axes
   124 | D:1      | Reached XP level 2. HP: 19/27 MP: 2/2
   241 | D:1      | Found a faded altar of an unknown god.
   937 | D:1      | Reached XP level 3. HP: 6/34 MP: 3/3
   938 | D:1      | Reached skill level 4 in Axes
  1359 | D:2      | Reached XP level 4. HP: 40/41 MP: 4/4
  1414 | D:2      | Noticed Robin
  1419 | D:2      | Noticed Natasha
  1625 | D:2      | Killed Natasha
  1626 | D:2      | Reached skill level 5 in Fighting
  1896 | D:2      | Killed Robin
  1914 | D:2      | Reached skill level 5 in Axes
  1914 | D:2      | Reached XP level 5. HP: 44/48 MP: 5/5
  2353 | D:3      | Found a bloodstained altar of Trog.
  2425 | D:3      | Noticed a necrophage
  2434 | D:3      | Killed a necrophage
  2435 | D:3      | Reached skill level 6 in Axes
  2435 | D:3      | Reached skill level 1 in Throwing
  2435 | D:3      | Reached XP level 6. HP: 53/57 MP: 6/6
  2773 | D:4      | Noticed a black bear
  2783 | D:4      | Killed a black bear
  2836 | D:4      | Reached skill level 7 in Axes
  2836 | D:4      | Reached XP level 7. HP: 60/62 MP: 7/7
  2920 | D:4      | Found a staircase to the Ecumenical Temple.
  3000 | Temple   | Entered the Ecumenical Temple
  3095 | Temple   | Became a worshipper of the Shining One
  3682 | D:5      | Entered Level 5 of the Dungeon
  3690 | D:5      | Reached skill level 1 in Evocations
  3718 | D:5      | Found a shadowy altar of Dithmenos.
  3913 | D:5      | Reached skill level 8 in Axes
  4005 | D:5      | Reached XP level 8. HP: 68/70 MP: 8/8
  4249 | D:5      | Reached skill level 9 in Axes
  4671 | D:6      | Found a glowing drain.
  4675 | Sewer    | Entered a sewer
  4870 | Sewer    | Found a viscous altar of Jiyva.
  4983 | D:6      | Reached skill level 10 in Axes
  4983 | D:6      | Reached skill level 5 in Evocations
  5108 | D:6      | Noticed Blork the orc
  5113 | D:6      | Killed Blork the orc
  5264 | D:6      | Reached XP level 9. HP: 64/75 MP: 9/9
  5339 | D:6      | Noticed Maggie
  5343 | D:6      | Killed Maggie
  5344 | D:6      | Reached skill level 11 in Axes
  5502 | D:6      | Reached * piety under the Shining One
  5970 | D:7      | Reached skill level 12 in Axes
  6604 | D:8      | Reached XP level 10. HP: 37/91 MP: 10/10
  6785 | D:8      | Reached skill level 13 in Axes
  6861 | D:8      | Reached ** piety under the Shining One
  7269 | D:8      | Noticed a tengu warrior
  7278 | D:8      | Noticed an eight-headed hydra
  7287 | D:7      | Killed a tengu warrior
  7288 | D:7      | Reached skill level 10 in Fighting
  7438 | D:8      | Reached skill level 14 in Axes
  7468 | D:8      | Killed an eight-headed hydra
  7671 | D:8      | Reached skill level 15 in Axes
  8011 | D:9      | Noticed a green ugly thing
  8019 | D:9      | Killed a green ugly thing
  8057 | D:9      | Found a runed translucent door.
  8060 | D:9      | Noticed GilGalad's ghost (novice MiFi)
  8061 | D:9      | Identified the +6 spear "Uvoer" {flame, Contam Will- MP+9
                  | Dex+8}
  8134 | D:9      | Noticed a kobold demonologist
  8136 | D:9      | Killed a kobold demonologist
  8173 | D:9      | Reached skill level 16 in Axes
  8297 | D:9      | Found a staircase to the Orcish Mines.
  8297 | D:9      | Reached *** piety under the Shining One
  8339 | D:9      | HP: 3/93 [poisoned by a kobold brigand (curare-tipped
                  | dart)]
  8340 | D:9      | Succumbed to a kobold brigand's curare-tipped dart

Illustrated notes

Levels and vault maps discovered:
D:1:      grunt_arrival_crossed_arrows, layout_basic,
          shapermc_ecumenical_altar_totnotflames
D:2:      layout_rooms, minmay_joined_circles, uniq_robin, uniq_natasha
D:3:      layout_rooms, mainiacjoe_overflow_cross_hatched
D:4:      layout_loops_cross, minmay_temple_entry_poolview,
          minmay_misc_feat_diagonals, kennysheep_boxes
D:5:      layout_cave_pods, lemuel_crystal_altar
D:6:      layout_basic, gup_sewer_entry_spiral, uniq_maggie, uniq_blork_the_orc
D:7:      layout_basic, minmay_misc_feat_roman, grunt_ministairs_10,
          minmay_checkerbox
D:8:      layout_layer_cave, hangedman_minor_gate_pass
D:9:      layout_irregular_city, kennysheep_orc_monster_closet_entryway,
          ebering_ghost_funeral_grove, minmay_misc_feat_plants,
          hangedman_decor_points, chequers_big_river
Temple:   minmay_temple_bridge_d

Skill      XL: |  1  2  3  4  5  6  7  8  9 10 |
---------------+-------------------------------+-----
Axes           | 3 4 5 6 7 8 10 12 16 | 16.0
Fighting       | 4 5 6 9 10 | 10.0
Throwing       | 1 2 |  2.8
Evocations     | 3 5 |  5.4
Shields        | 4 |  4.4
Armour         | |  3.2

Action                   |  1- 3 |  4- 6 |  7- 9 | 10-12 || total
-------------------------+-------+-------+-------+-------++-------
Melee: War axe           |    93 |   178 |   329 |   115 ||   715
Throw: Dart              |       |       |    13 |       ||    13
Evoke: Wand              |       |       |     7 |    21 ||    28
Armor: Scale mail        |    53 |   104 |    65 |       ||   222
       Steam dragon scal |       |       |    54 |    49 ||   103
Dodge: Dodged            |    40 |   115 |   140 |    62 ||   357
Block: Buckler           |    21 |    43 |    63 |    33 ||   160
